 Dungeon Crawl Stone Soup version 0.26.1-11-gd32895ea62 (webtiles) character file.

Game seed: 5894131610020184194

48 Amplified the Chiller (level 3, -3/27 HPs)
             Began as a Barachi Ice Elementalist on July 5, 2021.
             Slain by a centaur skeleton (4 damage)
             ... on level 2 of the Dungeon.
             The game lasted 00:01:55 (1235 turns).

Amplified the Chiller (Barachi Ice Elementalist)    Turns: 1235, Time: 00:01:56

Health: -3/27      AC:  9    Str:  9    XL:     3   Next: 72%
Magic:  2/7        EV: 12    Int: 16    God:
Gold:   0          SH:  0    Dex: 12    Spells: 0/7 levels left

rFire    . . .     SeeInvis .   g - +1 mace (protect)
rCold    . . .     Faith    .   (no shield)
rNeg     . . .     Spirit   .   a - +0 robe
rPois    .         Reflect  .   (no helmet)
rElec    .         Harm     .   (no cloak)
rCorr    .         Rampage  .   (no gloves)
Will     .....     Rnd*Tele +   (no boots)
Stlth    ++........             (no amulet)
HPRegen  0.09/turn              i - ring of teleportation (curse)
MPRegen  0.10/turn              (no ring)

@: protection aura, slow
A: +LOS, swims, slowness 1, strong legs 1
a: Hop


You were on level 2 of the Dungeon.
You visited 1 branch of the dungeon, and saw 2 of its levels.

Inventory:

Hand Weapons
 g - a +1 mace of protection (weapon)
Missiles
 c - 32 poisoned darts
Armour
 a - a +0 robe (worn)
Jewellery
 i - a cursed ring of teleportation (left hand)
Scrolls
 b - 2 scrolls of immolation
 d - a scroll of amnesia
 f - a scroll of enchant weapon
Potions
 h - a potion of curing
 k - a potion of attraction
 l - a potion of cancellation


   Skills:
 * Level 1.9 Fighting
 - Level 2.1 Dodging
 - Level 1.7 Stealth
 * Level 2.8 Spellcasting
 * Level 5.5 Ice Magic


You couldn't memorise any spells.
You knew the following spells:

 Your Spells              Type           Power        Failure   Level
a - Freeze                Ice            80%          1%          1
b - Frozen Ramparts       Ice            40%          6%          3
c - Ozocubu's Armour      Ice            20%          6%          3

Your spell library contained the following spells:

 Spells                   Type           Power        Failure   Level
 Hailstorm                Conj/Ice       11%          52%         4
 Summon Ice Beast         Ice/Summ       11%          52%         4


Dungeon Overview and Level Annotations

Branches:
Dungeon (2/15)

Altars:


Innate Abilities, Weirdness & Mutations

You can be seen from farther away. (+LOS)
You can swim through water.
You cover ground slowly.
You can hop short distances.


Message History

You freeze the centaur skeleton but do no damage.
You feel less wooden.
Your +0 robe unmelds from your body.
The centaur skeleton hits you.
Unknown command.
Unknown command.
You completely miss the centaur skeleton.
The centaur skeleton is heavily damaged.
The centaur skeleton barely misses you. The centaur skeleton hits you.
* * * LOW HITPOINT WARNING * * *
You hit the centaur skeleton.
Your weapon exudes an aura of protection.
The centaur skeleton is heavily damaged.
The centaur skeleton closely misses you.
The centaur skeleton hits you but does no damage.
You hit the centaur skeleton.
The centaur skeleton is severely damaged.
The centaur skeleton hits you!
* * * LOW HITPOINT WARNING * * *
The centaur skeleton hits you.
You die...

# ###########
#.#....<....#
#.#.#.#.###.#
#...#.#.#
###.#.#.#
#@#.#.#
#Z#.#..
#.#.### #.#..
#..........
#........S..
#............
#.....########
#......#


You could see a centaur skeleton.

Vanquished Creatures
  An adder (D:2)
  An ooze (D:2)
  A dart slug (D:1)
  2 ball pythons (D:1)
  A giant cockroach (D:1)
  4 goblins (D:1)
  3 hobgoblins (D:1)
  2 jackals (D:1)
  6 kobolds
  4 bats
  2 frilled lizards
  4 rats (D:1)
31 creatures vanquished.

Notes
Turn   | Place    | Note
-------+----------+-------------------------------------------
     0 | D:1      | Amplified the Barachi Ice Elementalist began the quest for
                  | the Orb.
     0 | D:1      | Reached XP level 1. HP: 13/13 MP: 3/3
   139 | D:1      | Reached skill level 5 in Ice Magic
   365 | D:1      | Reached XP level 2. HP: 18/19 MP: 5/5
   592 | D:1      | Reached skill level 1 in Fighting
   734 | D:1      | Reached XP level 3. HP: 22/26 MP: 6/6
  1159 | D:1      | Learned a level 3 spell: Frozen Ramparts
  1163 | D:1      | Learned a level 3 spell: Ozocubu's Armour
  1235 | D:2      | HP: 1/27 [centaur skeleton (7)]
  1235 | D:2      | Slain by a centaur skeleton

Illustrated notes

Levels and vault maps discovered:
D:1:      lemuel_arrival_rhombus, layout_loops_ring
D:2:      layout_basic, nicolae_ashenzari_panopticon

Skill      XL: |  1  2 |
---------------+-------+-----
Ice Magic      | 5 |  5.5
Fighting       | 1 |  1.9
Dodging        | |  2.1
Stealth        | |  1.7
Spellcasting   | |  2.8

Action                   || total
-------------------------++-------
Melee: Unarmed           ||     8
       Mace              ||    88
 Cast: Freeze            ||    27
 Abil: Hop               ||     1
  Use: Scroll            ||     7
       Potion            ||     1
 Stab: Sleeping          ||     1
Armor: Robe              ||    27
       Skin              ||    27
Dodge: Dodged            ||    85
